 Dungeon Crawl Stone Soup version 0.31.0-11-ge490571c62 (webtiles) character file.

Game seed: 2436244176817693430

119 Esekla the Grasshopper (level 5, 0/27 HPs)
             Began as a Vine Stalker Warper on Jan 30, 2024.
             Slain by a sleepcap (5 damage)
             ... on level 3 of the Dungeon.
             The game lasted 00:12:20 (2511 turns).

Esekla the Grasshopper (Vine Stalker Warper)        Turns: 2511, Time: 00:12:20

Health: 0/27       AC:  4    Str: 14    XL:     5   Next: 3%
Magic:  0/10       EV: 11    Int: 15    God:
Gold:   215        SH:  0    Dex: 13    Spells: 7/9 levels left

rFire   . . .        a - +0 falchion
rCold   . . .        (no shield)
rNeg    . . .        b - +0 leather armour
rPois   .            (no helmet)
rElec   .            (no cloak)
rCorr   .            l - +0 pair of gloves
SInv    .            (no boots)
Will    .....        (no amulet)
Stlth   +            (no ring)
HPRegen 1.04/turn    (no ring)
MPRegen 0.12/turn

%: guardian spirit
@: no status effects
A: fangs 2, regeneration 1, magic shield, antimagic bite, no potion heal 2
a: no special abilities


You were on level 3 of the Dungeon.
You visited 1 branch of the dungeon, and saw 3 of its levels.

You collected 215 gold pieces.

Inventory:

Hand Weapons
 a - a +0 falchion (weapon)
 d - a +0 dagger
Missiles
 f - 3 poisoned darts (quivered)
Armour
 b - a +0 leather armour (worn)
 l - a +0 pair of gloves (worn)
Jewellery
 i - a ring of fire
 o - an amulet of faith
Scrolls
 c - a scroll of blinking
 e - a scroll of silence {unknown}
 g - a scroll of teleportation {unknown}
 h - a scroll of noise {unknown}
 j - 3 scrolls of identify {unknown}
 r - 2 scrolls of vulnerability {unknown}
 s - a scroll of fear {unknown}
Potions
 k - a potion of lignification {unknown}
 m - a potion of heal wounds {unknown}
 n - 2 potions of resistance {unknown}
 p - a potion of curing {unknown}
 q - a potion of attraction {unknown}


   Skills:
 * Level 2.6 Fighting
 + Level 2.9 Long Blades
 + Level 0.8 Throwing
 - Level 0.7 Armour
 + Level 1.6 Dodging
 * Level 2.7 Spellcasting
 * Level 1.4 Conjurations
 + Level 3.3 Translocations
 * Level 0.6 Fire Magic


You had 7 spell levels left.
You knew the following spells:

 Your Spells              Type           Power      Damage    Failure   Level
b - Blink                 Tloc           24%        N/A       10%         2

Your spell library contained the following spells:

 Spells                   Type           Power      Damage    Failure   Level
 Lesser Beckoning         Tloc           24%        N/A       10%         2
 Teleport Other           Tloc           12%        N/A       21%         3
 Manifold Assault         Tloc           12%        N/A       54%         4
 Inner Flame              Hex/Fire       2%         N/A       56%         3
 Vhi's Electric Charge    Tloc/Air       14%        N/A       78%         4
 Flame Wave               Conj/Fire      5%         2d5       86%         4
 Sticky Flame             Fire/Alch      2%         2d4       93%         4


Dungeon Overview and Level Annotations

Branches:
Dungeon (3/15)

Altars:


Innate Abilities, Weirdness & Mutations

You have extremely sharp teeth.
Your natural rate of healing is unusually fast.
When hurt, damage is shared between your health and your magic reserves.
Your bite disrupts and absorbs the magic of your enemies.
Potions cannot restore your health.


Message History

The sleepcap is lightly damaged.
The sleepcap barely misses you. The sleepcap closely misses you.
You hit the sleepcap. You bite the sleepcap. You drain its power.
The sleepcap is heavily damaged.
The sleepcap releases spores at you.
You are engulfed in a cloud of soporific spores!
You fall asleep.
The sleepcap releases spores at you!!
You wake up.
Ouch! That really hurt!
You hit the sleepcap but do no damage.
The sleepcap is heavily damaged.
The sleepcap releases spores at you.
You hit the sleepcap. You bite the sleepcap. You drain its power.
You feel invigorated.
The sleepcap is severely damaged.
The sleepcap releases spores at you but does no damage.
You hit the sleepcap.
The sleepcap is severely damaged.
The sleepcap closely misses you.
You hit the sleepcap.
You bite the sleepcap, but do no damage.
The sleepcap is almost destroyed.
The sleepcap releases spores at you.
You are engulfed in a cloud of soporific spores!
You fall asleep.
The sleepcap barely misses you.
You wake up.
You hit the sleepcap but do no damage.
You bite the sleepcap, but do no damage.
The sleepcap is almost destroyed.
The sleepcap releases spores at you.
* * * LOW HITPOINT WARNING * * *
You are engulfed in a cloud of soporific spores!
You are unaffected.
You hit the sleepcap.
The sleepcap is almost destroyed.
The sleepcap releases spores at you.
* * * LOW HITPOINT WARNING * * *
You are engulfed in a cloud of soporific spores!
You are unaffected.
The sleepcap releases spores at you.
You die...

#.##.# ### #.#
#.##.##############.#####
#.##..#...........[......
#.......#################
#####.###### #÷##...♣ ♣♣
#.##bf.♣..♣♣♣
#.##f#.'.f..♣
#.##@#.'......
#.##.#.'....♣♣♣
#.##.##♣..♣♣♣.# #.##.#
♣♣♣ #.# #.)..# #.#######
###### #........
#########


You could see 2 sleepcaps and a bat.

Vanquished Creatures
  3 adders
  A white imp (D:3)
  A dart slug (D:2)
  3 ribbon worms
  8 bats
  9 endoplasms
  4 giant cockroaches
  10 goblins
  4 hobgoblins
  5 quokkas
  9 ball pythons
  6 frilled lizards
  6 kobolds
  5 rats
74 creatures vanquished.

Notes
Turn   | Place    | Note
-------+----------+-------------------------------------------
     0 | D:1      | Esekla the Vine Stalker Warper began the quest for the Orb.
     0 | D:1      | Reached XP level 1. HP: 11/11 MP: 4/4
   244 | D:1      | Reached XP level 2. HP: 15/15 MP: 4/6
   499 | D:1      | Reached XP level 3. HP: 18/18 MP: 5/7
   517 | D:1      | Learned a level 2 spell: Blink
  1439 | D:2      | Reached skill level 1 in Conjurations
  1439 | D:2      | Reached XP level 4. HP: 17/23 MP: 8/8
  1975 | D:3      | Found a faded altar of an unknown god.
  2216 | D:3      | Reached XP level 5. HP: 27/27 MP: 8/10
  2511 | D:3      | Slain by a sleepcap

Illustrated notes

Levels and vault maps discovered:
D:1:      lightli_arrival_statue_moat, layout_basic, minmay_misc_feat_tiny
D:2:      layout_basic, minmay_3d_cube
D:3:      minmay_spotlight, layout_loops_ring,
          hellmonk_ecumenical_altar_blasted, hellmonk_no_cap

Skill      XL: |  1  2  3 |
---------------+----------+-----
Fighting       | 2 |  2.6
Long Blades    | 2 |  2.9
Conjurations   | 1 |  1.4
Throwing       | |  0.8
Armour         | |  0.7
Dodging        | |  1.6
Spellcasting   | |  2.7
Translocations | |  3.3
Fire Magic     | |  0.6

Action                     |  1- 3 |  4- 6 || total
---------------------------+-------+-------++-------
  Melee: Falchion          |   136 |   106 ||   242
         Bite              |    30 |    35 ||    65
         Punch             |     1 |       ||     1
 Armour: Leather armour    |    68 |    66 ||   134
  Dodge: Dodged            |    86 |    58 ||   144
